 Dungeon Crawl Stone Soup version 0.23.0-2-g0fe3ce5 (webtiles) character file.

Game seed: 14345186361990296831

4774 Inarius the Cleaver (level 10, 0/83 HPs)
             Began as a Ghoul Fighter on Feb 19, 2019.
             Was a Plaything of Xom.
             Slain by a two-headed ogre
             ... wielding a +0 giant spiked club
              (16 damage)
             ... on level 7 of the Dungeon.
             The game lasted 00:12:38 (5532 turns).

Inarius the Cleaver (Ghoul Fighter)                 Turns: 5532, Time: 00:12:39

Health: 0/83       AC: 12    Str: 23    XL:     10   Next: 47%
Magic:  11/11      EV:  9    Int:  4    God:    Xom [*.....]
Gold:   289        SH:  0    Dex: 11    Spells: 9/9 levels left

rFire    . . .     SeeInvis .   a - +0 war axe
rCold    + . .     Gourm    .   c - +0 shield
rNeg     + + +     Faith    .   q - +2 scale mail {rF+}
rPois    ∞         Spirit   .   (no helmet)
rElec    .         Reflect  .   (no cloak)
rCorr    .         Harm     .   (no gloves)
MR       +....                  l - +2 pair of boots "Caumeeck" {+Fly rPois rF-}
Stlth    ..........             (no amulet)
HPRegen  0.00/turn              C - ring of protection from magic
MPRegen  0.12/turn              x - +3 ring of dexterity

@: confused, rotting
A: rotting body, claws 1, carnivore, cold resistance 1, negative energy
resistance 3, inhibited regeneration, torment resistance, unbreathing
a: Renounce Religion, Evoke Flight


You were on level 7 of the Dungeon.
You worshipped Xom.
You were a special plaything of Xom.
You were not hungry.

You visited 1 branch of the dungeon, and saw 8 of its levels.

You collected 289 gold pieces.

Inventory:

Hand Weapons
 a - a +0 war axe (weapon)
 d - a +1 whip of freezing
Armour
 c - a +0 shield (worn)
 l - the +2 pair of boots "Caumeeck" (worn) {+Fly rPois rF-}
   (You found it on level 7 of the Dungeon)

   It makes you vulnerable to fire.
   It protects you from poison.
   It lets you fly.
 q - a +2 scale mail of fire resistance (worn)
Jewellery
 e - an uncursed ring of magical power
 x - a +3 ring of dexterity (right claw)
 C - a ring of protection from magic (left claw)
Wands
 r - a wand of flame (30)
 w - a wand of polymorph (8)
 y - a wand of random effects (22)
Scrolls
 g - 2 scrolls of noise {unknown}
 h - 2 scrolls of remove curse
 j - 3 scrolls of teleportation
 m - 3 scrolls of amnesia {unknown}
 n - 3 scrolls of fog {unknown}
 o - 3 scrolls of enchant weapon {unknown}
 p - 2 scrolls of magic mapping {unknown}
 t - 2 scrolls of enchant armour {unknown}
 u - a scroll of random uselessness {unknown}
 z - a scroll of fear {unknown}
 A - 3 scrolls of immolation {unknown}
 D - a scroll of identify
Potions
 i - 2 potions of mutation
 k - 3 potions of brilliance
 s - 2 potions of flight
 v - a potion of haste
Comestibles
 f - 14 rations
 B - 6 chunks of flesh


   Skills:
 + Level 5.9 Fighting
 * Level 10.1 Axes
 + Level 6.1 Armour
 + Level 3.0 Dodging
 - Level 0.6 Stealth
 + Level 5.3 Shields
 * Level 3.1 Evocations


You had 9 spell levels left.
You didn't know any spells.
Your spell library was empty.

Dungeon Overview and Level Annotations

Branches:
Dungeon (8/15)             Temple (0/1) D:7
   Lair: D:8-11

Altars:
Dithmenos
Qazlal
Wu Jian
Xom

Shops:
D:5 %

Annotations:
D:4 2 transporters, Phong's ghost, amateur DrTm
D:8 Grum


Innate Abilities, Weirdness & Mutations

Your body is rotting away.
You thrive on raw meat.
You are immune to poison.
You have sharp fingernails.
You are carnivorous and can eat meat at any time.
Your flesh is cold resistant. (rC+)
You are immune to negative energy. (rN+++)
You do not regenerate when monsters are visible.
You are immune to unholy pain and torment.
You can survive without breathing.


Message History

Unknown command.
You can't go up here!
Unknown command.
Unknown command.
Things that are here:
a +0 dagger; an orc skeleton "Heh heh heh..."
You are confused.
You bump into the rock wall.
The two-headed ogre hits you with a +0 giant spiked club.
* * * LOW HITPOINT WARNING * * *
The two-headed ogre hits you with a +0 giant club.
* * * LOW HITPOINT WARNING * * *
You bump into the rock wall.
Unknown command.
It was a potion of magic.
Magic courses through your body.
Xom thinks this is hilarious!
The two-headed ogre hits you with a +0 giant spiked club!
You die...
Xom howls with laughter!

#..# ####.########..# #..#
##...#..........# #..#
###...#.#########.# #..#
#...#[).# #.# #..# #.#.)>### #.#
#..# #.##)## #.#
#####..########.##.##### #.#
.......<........##.#...### #.#
#####..#######..@O.......######.#
.......# ##.##.#............#
######.# #.##.#...#.######## #.#
#....#####.# ### #.## #..### #.#
..# #..## #..# #.# #.# #.#.# #..#
#.# #.# #..#######..#######.# #.#
##.................>.#


You could see a two-headed ogre.

Vanquished Creatures
  Pikel (D:3)
  Joseph (D:7)
  Prince Ribbit (D:5)
  A human (D:7)
  4 hogs (D:7)
  A hungry ghost (D:7)
  Eustachio (D:4)
  A water moccasin (D:6)
  Duvessa (D:4)
  2 sky beasts
  An ice beast (D:7)
  2 wolves (D:7)
  2 centaurs
  2 ogres
  3 bullfrogs
  Dowan (D:4)
  A scorpion (D:5)
  A wyvern skeleton (D:7)
  6 killer bees (D:7)
  3 crimson imps
  A howler monkey (D:6)
  A bullfrog zombie (D:4)
  A centaur zombie (D:6)
  3 hounds (D:5)
  2 centaur skeletons
  3 orc priests
  A gnoll shaman (D:7)
  Terence (D:3)
  A bullfrog skeleton (D:4)
  4 iguanas
  4 orc wizards
  5 worker ants
  A hound skeleton (D:7)
  6 gnolls
  11 adders
  A shadow imp (D:4)
  2 oozes
  2 adder skeletons (D:4)
  2 adder zombies
  3 worms (D:2)
  2 dart slugs
  9 leopard geckos
  20 orcs
  A ball python (D:6)
  3 giant cockroaches
  13 hobgoblins
  17 jackals
  10 kobolds
  4 quokkas
  10 bats
  5 frilled lizards
  8 goblins
  2 leopard gecko skeletons
  10 rats
  A plant (D:6)
206 creatures vanquished.

Vanquished Creatures (others)
  A bullfrog (D:4)
  2 orcs (D:4)
  A quokka (D:4)
4 creatures vanquished.

Grand Total: 210 creatures vanquished

Notes
Turn   | Place    | Note
-------+----------+-------------------------------------------
     0 | D:1      | Inarius the Ghoul Fighter began the quest for the Orb.
     0 | D:1      | Reached XP level 1. HP: 19/19 MP: 0/0
   121 | D:1      | Reached XP level 2. HP: 18/26 MP: 1/1
   126 | D:1      | Reached skill level 2 in Axes
   317 | D:1      | Reached XP level 3. HP: 22/31 MP: 2/2
  1081 | D:2      | Reached skill level 3 in Axes
  1124 | D:2      | Reached XP level 4. HP: 34/40 MP: 3/3
  1556 | D:3      | Noticed Terence
  1566 | D:3      | Killed Terence
  1566 | D:3      | Reached XP level 5. HP: 35/46 MP: 4/4
  1612 | D:3      | Reached skill level 4 in Axes
  1823 | D:3      | Found a faded altar of an unknown god.
  1836 | D:3      | Reached XP level 6. HP: 30/52 MP: 5/5
  1850 | D:3      | Became a worshipper of Xom the Less-Predictable
  2163 | D:3      | Noticed a water elemental
  2165 | D:3      | Found a stormy altar of Qazlal.
  2166 | D:3      | Noticed an air elemental
  2166 | D:3      | Noticed a fire elemental
  2306 | D:4      | Noticed Pikel
  2306 | D:4      | Noticed a slave
  2306 | D:4      | Noticed a slave
  2306 | D:4      | Noticed a slave
  2311 | D:3      | XOM: potion effect (might)
  2314 | D:3      | XOM: divination: magic mapping
  2318 | D:3      | XOM: potion effect (heal wounds)
  2322 | D:3      | XOM: potion effect (heal wounds)
  2335 | D:3      | Killed Pikel
  2335 | D:3      | Reached skill level 5 in Axes
  2335 | D:3      | Reached skill level 1 in Dodging
  2335 | D:3      | Reached XP level 7. HP: 41/60 MP: 6/6
  2435 | D:4      | Reached skill level 6 in Axes
  2498 | D:4      | Found a transporter.
  2519 | D:4      | XOM: confuse monster(s)
  2522 | D:4      | Reached XP level 8. HP: 67/67 MP: 7/7
  2687 | D:4      | XOM: cloud trail
  2711 | D:4      | Noticed Eustachio
  2792 | D:4      | XOM: divination: detect items
  2807 | D:4      | Noticed Duvessa
  2807 | D:4      | Noticed Dowan
  2825 | D:4      | Killed Duvessa
  2827 | D:4      | Killed Dowan
  2896 | D:4      | Found a transporter.
  2896 | D:4      | Noticed Phong's ghost (amateur DrTm)
  2901 | D:4      | XOM: mild Conj miscast
  2988 | D:4      | XOM: divination: magic mapping
  2989 | D:4      | Killed Eustachio
  3031 | D:4      | XOM: noise
  3079 | D:4      | Found a shadowy altar of Dithmenos.
  3089 | D:4      | XOM: god gift: scroll labeled DEQYXT QIOSTA {god gift}
  3193 | D:5      | Entered Level 5 of the Dungeon
  3197 | D:5      | Reached skill level 7 in Axes
  3323 | D:5      | XOM: enchant monster (good)
  3329 | D:5      | Reached skill level 5 in Armour
  3335 | D:5      | XOM: divination: detect creatures
  3448 | D:5      | Noticed Prince Ribbit
  3449 | D:5      | Found an ornate altar of the Wu Jian Council.
  3450 | D:5      | XOM: harmless Pois miscast
  3462 | D:5      | Killed Prince Ribbit
  3462 | D:5      | Reached XP level 9. HP: 51/73 MP: 8/8
  3609 | D:5      | Found Daclih Vaew's Food Shoppe.
  3670 | D:5      | XOM: divination: detect creatures
  3772 | D:5      | Reached skill level 5 in Fighting
  3847 | D:6      | XOM: noise
  3918 | D:6      | Reached skill level 8 in Axes
  4048 | D:6      | XOM: snakes to sticks
  4053 | D:6      | Reached skill level 1 in Evocations
  4509 | D:7      | Got a pair of scorched boots
  4515 | D:7      | Identified the +2 pair of boots "Caumeeck" {+Fly rPois rF-}
                  | (You found it on level 7 of the Dungeon)
  4598 | D:7      | Found a staircase to the Ecumenical Temple.
  4625 | D:7      | Reached skill level 9 in Axes
  4659 | D:7      | XOM: swap monsters
  4687 | D:7      | Found a shimmering altar of Xom.
  4801 | D:7      | Reached XP level 10. HP: 81/81 MP: 10/10
  4805 | D:7      | Reached skill level 5 in Shields
  4840 | D:7      | XOM: harmless Hex miscast
  4965 | D:7      | XOM: harmless Tloc miscast
  4975 | D:7      | XOM: mild Necr miscast
  4988 | D:7      | XOM: noise
  4991 | D:7      | XOM: cleaving
  5002 | D:7      | XOM: blink monster(s)
  5172 | D:7      | Noticed Joseph
  5203 | D:7      | Killed Joseph
  5203 | D:7      | Reached skill level 10 in Axes
  5383 | D:8      | Noticed Grum
  5393 | D:8      | XOM: enchant monster (bad)
  5500 | D:8      | Noticed a two-headed ogre
  5523 | D:8      | XOM: smoke on damage
  5529 | D:7      | XOM: confusion
  5532 | D:7      | Slain by a two-headed ogre

Skill      XL: |  1  2  3  4  5  6  7  8  9 10 |
---------------+-------------------------------+-----
Axes           | 2 3 4 5 6 7 9 10 | 10.1
Armour         | 3 4 5 6 |  6.1
Shields        | 3 4 5 |  5.3
Fighting       | 4 5 |  5.9
Dodging        | 1 2 3 |  3.0
Evocations     | 2 3 |  3.1
Stealth        | |  0.6

Action                   |  1- 3 |  4- 6 |  7- 9 | 10-12 || total
-------------------------+-------+-------+-------+-------++-------
Melee: War axe           |   140 |   159 |   449 |   132 ||   880
Evoke: Wand              |       |       |     3 |       ||     3
  Use: Scroll            |     1 |       |     6 |       ||     7
       Potion            |       |     1 |     2 |     2 ||     5
 Stab: Confused          |       |       |     3 |       ||     3
       Paralysed         |       |       |     1 |       ||     1
  Eat: Chunk             |    14 |    26 |    74 |    18 ||   132
Armor: Scale mail        |    98 |    68 |   231 |    50 ||   447
Dodge: Dodged            |    55 |    48 |   200 |    49 ||   352
Block: Shield            |    94 |    90 |   289 |    79 ||   552
